 Dungeon Crawl Stone Soup version 0.31-a0-536-ga3e2962e35 (webtiles) character file.

Game seed: 13634614197915609805

2236363 EnegeticOcto the Merry Draconian (level 26, 246/246 HPs)
             Began as a Pale Draconian Wanderer on Aug 13, 2023.
             Was a High Priest of Fedhas.
             Escaped with the Orb
             ... and 4 runes!
             The game lasted 02:00:27 (73090 turns).

EnegeticOcto the Merry Draconian (DrWn)            Turns: 73090, Time: 02:00:27

Health: 246/246    AC: 26    Str:  9    XL:     26   Next: 11%
Magic:  33/33      EV: 44    Int: 24    God:    Fedhas [*****.]
Gold:   4288       SH:  0    Dex: 39    Spells: 18/25 levels left

rFire   + . .        D - +8 longbow "Zephyr" {speed, Dex+3 SInv}
rCold   . . .        (shield currently unavailable)
rNeg    . . .        (body armour unavailable)
rPois   .            X - +4 hat of Bursted the Leaf {Dex+5}
rElec   .            y - +2 cloak {Will+}
rCorr   +            a - +2 pair of gloves
SInv    +            L - +3 pair of boots of Igenoses {Int+4 Dex+2 SInv}
Will    ++++.        t - amulet of Isuit {Regen+ Dex+3 Slay+3 Stlth+}
Stlth   +++          p - ring "Cuifoick" {rF+ Dex+3 SInv}
HPRegen 1.41/turn    R - ring of Wisdom {Will++ rCorr Int+6 Stlth+}
MPRegen 0.23/turn

%: random rage (3%)
@: studying 3 skills
A: breathe steam, AC +12, unfitting armour, cold-blooded, steam resistance,
berserk 1, low MP 1, weak 2
0: Orb of Zot
}: 4/15 runes: barnacled, silver, abyssal, gossamer
a: Breathe Steam, Renounce Religion, Wall of Briars, Grow Ballistomycete,
Overgrow, Grow Oklob


You escaped.
You worshipped Fedhas.
Fedhas was extremely pleased with you.
You visited 10 branches of the dungeon, and saw 48 of its levels.
You visited the Abyss 2 times.
You also visited: Trove, Volcano and Wizlab.

You collected 9026 gold pieces.
You spent 4738 gold pieces at shops.

Inventory:

Hand Weapons
 D - the +8 longbow "Zephyr" (weapon) {speed, Dex+3 SInv}
   (You found it on level 3 of the Elven Halls)

   Dex+3:     It affects your dexterity (+3).
   SInv:      It lets you see invisible.
 O - the +8 dagger of Odief {drain, rElec rC+ SInv}
   (You found it on level 15 of the Dungeon)

   rC+:       It protects you from cold.
   rElec:     It insulates you from electricity.
   SInv:      It lets you see invisible.
 T - a +0 dagger of distortion
   (You took it off Sonja on level 1 of the Orcish Mines)
Missiles
 h - 26 curare-tipped darts
 I - 13 throwing nets {!f}
Armour
 a - a +2 pair of gloves (worn)
   (You found it on level 10 of the Dungeon)
 b - the +3 kite shield of the Bulwark {rF+ Int+2}
   (You found it on level 13 of the Dungeon)

   Int+2:     It affects your intelligence (+2).
   rF+:       It protects you from fire.
 y - a +2 cloak of willpower (worn)
   (You took it off Nikola on level 2 of the Depths)
 L - the +3 pair of boots of Igenoses (worn) {Int+4 Dex+2 SInv}
   (You found it on level 9 of the Dungeon)

   Int+4:     It affects your intelligence (+4).
   Dex+2:     It affects your dexterity (+2).
   SInv:      It lets you see invisible.
 X - the +4 hat of Bursted the Leaf (worn) {Dex+5}
   (You acquired it on level 4 of the Shoals)

   Dex+5:     It affects your dexterity (+5).
Jewellery
 g - a ring of protection from cold
   (You took it off a vault guard on level 13 of the Dungeon)
 p - the ring "Cuifoick" (left hand) {rF+ Dex+3 SInv}
   (You found it on level 3 of the Elven Halls)

   [ring of see invisible]

   Dex+3:     It affects your dexterity (+3).
   rF+:       It protects you from fire.
   SInv:      It lets you see invisible.
 t - the amulet of Isuit (around neck) {Regen+ Dex+3 Slay+3 Stlth+}
   (You found it in a wizard's laboratory)

   [amulet of regeneration]

   Dex+3:     It affects your dexterity (+3).
   Slay+3:    It affects your accuracy & damage with ranged weapons and melee
   (+3).
   Regen+:    It increases your rate of health regeneration.
   Stlth+:    It makes you more stealthy.
 M - a ring of poison resistance
   (You found it on level 2 of the Depths)
 N - the ring of Jichuban {rF- rC+ EV+5 Dex+5}
   (You took it off a spriggan air mage on level 2 of the Depths)

   [ring of evasion]

   EV+5:      It affects your evasion (+5).
   Dex+5:     It affects your dexterity (+5).
   rF-:       It makes you vulnerable to fire.
   rC+:       It protects you from cold.
 R - the ring of Wisdom (right hand) {Will++ rCorr Int+6 Stlth+}
   (You found it on level 3 of the Elven Halls)

   [ring of intelligence]

   Int+6:     It affects your intelligence (+6).
   Will++:    It greatly increases your willpower.
   rCorr:     It protects you from acid and corrosion.
   Stlth+:    It makes you more stealthy.
 Y - a ring of protection from fire
   (You bought it in a shop on level 2 of the Orcish Mines)
Wands
 e - a wand of flame (58) {@v4}
   (You found it on level 10 of the Dungeon)
 v - a wand of charming (64)
   (You took it off Ijyb on level 3 of the Dungeon)
 G - a wand of iceblast (81) {@v2}
   (You found it on level 1 of the Spider Nest)
 H - a wand of acid (25) {@v1}
   (You found it on level 5 of the Dungeon)
 P - a wand of polymorph (9)
   (You found it on level 1 of the Shoals)
 U - a wand of digging (3) {@v3}
   (You found it on level 2 of the Depths)
 V - a wand of mindburst (20)
   (You found it on level 3 of the Elven Halls)
Scrolls
 c - 7 scrolls of fear {!r}
 f - 16 scrolls of teleportation {@r3 !r}
 j - 6 scrolls of vulnerability
 o - 6 scrolls of blinking {@r4}
 r - 6 scrolls of fog {!r}
 u - 5 scrolls of immolation
 x - 4 scrolls of silence {!r}
 A - 9 scrolls of poison
 J - 2 scrolls of revelation {@r5 !r}
 Q - 3 scrolls of butterflies
Potions
 d - 7 potions of cancellation
 k - 22 potions of curing {@q1 !q}
 l - 7 potions of resistance
 m - 8 potions of mutation
 q - 13 potions of ambrosia
 s - 9 potions of enlightenment
 w - 7 potions of invisibility
 z - 6 potions of magic
 C - 17 potions of heal wounds {@q2 !q}
 E - 4 potions of attraction
 F - 6 potions of lignification {@q6}
 K - 12 potions of haste {@q4 !q}
 S - 6 potions of berserk rage
Miscellaneous
 i - a condenser vane
   (You found it on level 5 of the Vaults)
 n - a phantom mirror
   (You found it on level 2 of the Spider Nest)
 B - a lightning rod (4/4)
   (You found it on level 4 of the Vaults)
 W - a phial of floods
   (You found it on level 3 of the Shoals)
 Z - a box of beasts
   (You found it on level 2 of the Lair of Beasts)


   Skills:
 + Level 22.1 Fighting
 - Level 2.0 Axes
 O Level 27 Ranged Weapons
 * Level 21.3 Dodging
 - Level 8.0 Stealth
 - Level 5.0 Translocations
 - Level 20.0 Invocations
 - Level 19.0 Evocations


You had 18 spell levels left.
You knew the following spells:

 Your Spells              Type           Power      Damage    Failure   Level
a - Portal Projectile     Hex/Tloc       24%        N/A       16%         3
p - Passwall              Tmut/Erth      0%         N/A       22%         2
Y - Blink                 Tloc           48%        N/A       2%          2

Your spell library contained the following spells:

 Spells                   Type           Power      Damage    Failure   Level
 Lesser Beckoning         Tloc           48%        N/A       2%          2
 Gell's Gravitas          Tloc           24%        N/A       5%          3
 Teleport Other           Tloc           24%        N/A       5%          3
 Momentum Strike          Conj/Tloc      24%        3d8       8%          2
 Kiss of Death            Conj/Necr      0%         2d5       14%         1
 Sandblast                Erth           0%         2d4       14%         1
 Shock                    Conj/Air       0%         1d3       14%         1
 Slow                     Hex            0%         N/A       14%         1
 Summon Small Mammal      Summ           0%         N/A       14%         1
 Volatile Blastmotes      Fire/Tloc      24%        2d12      16%         3
 Passage of Golubria      Tloc           24%        N/A       19%         4
 Cigotuvi's Dreadful Rot  Necr/Pois/Air  0%         N/A       22%         2
 Ensorcelled Hibernation  Hex/Ice        0%         N/A       22%         2
 Wereblood                Tmut           0%         N/A       22%         2
 Call Canine Familiar     Summ           0%         N/A       41%         3
 Confusing Touch          Hex            0%         N/A       41%         3
 Frozen Ramparts          Ice            0%         1d1       41%         3
 Inner Flame              Hex/Fire       0%         N/A       41%         3
 Ozocubu's Armour         Ice            0%         N/A       41%         3
 Stone Arrow              Conj/Erth      0%         3d7       41%         3
 Summon Guardian Golem    Hex/Summ       0%         N/A       41%         3
 Swiftness                Air            0%         N/A       41%         3
 Tukima's Dance           Hex            0%         N/A       41%         3
 Vampiric Draining        Necr           0%         2d6       41%         3
 Iskenderun's Mystic Bla  Conj/Tloc      12%        2d5       45%         4
 Airstrike                Air            0%         2d(0-16)  82%         4
 Dispel Undead            Necr           0%         3d6       82%         4
 Flame Wave               Conj/Fire      0%         2d4       82%         4
 Fulminant Prism          Conj/Hex       0%         3d5       82%         4
 Leda's Liquefaction      Hex/Erth       0%         N/A       82%         4
 Petrify                  Tmut/Erth      0%         N/A       82%         4
 Summon Ice Beast         Ice/Summ       0%         N/A       82%         4
 Summon Forest            Summ/Tloc      6%         N/A       82%         5
 Alistair's Intoxication  Tmut/Pois      0%         N/A       99%         5
 Borgnjor's Vile Clutch   Necr/Erth      0%         N/A       99%         5
 Fireball                 Conj/Fire      0%         3d3       99%         5
 Freezing Cloud           Conj/Ice/Air   0%         6-21      99%         5
 Iskenderun's Battlesphe  Conj           0%         2d6       99%         5
 Lee's Rapid Deconstruct  Erth           0%         3d4*      99%         5
 Metabolic Englaciation   Hex/Ice        0%         N/A       99%         5
 Silence                  Hex/Air        0%         N/A       99%         5
 Summon Mana Viper        Hex/Summ       0%         N/A       99%         5
 Yara's Violent Unravell  Hex/Tmut       0%         3d3       99%         5
 Conjure Ball Lightning   Conj/Air       0%         3x3d6     100%        6
 Death Channel            Necr           0%         N/A       100%        6
 Eringya's Noxious Bog    Tmut/Pois      0%         4d6       100%        6
 Leda's Unmaking          Conj/Erth      0%         9d1       100%        6
 Simulacrum               Ice/Necr       0%         N/A       100%        6
 Starburst                Conj/Fire      0%         6d3       100%        6
 Summon Cactus Giant      Summ           0%         N/A       100%        6
 Enfeeble                 Hex            0%         N/A       100%        7
 Malign Gateway           Summ/Tloc      6%         N/A       100%        7
 Monstrous Menagerie      Summ           0%         N/A       100%        7
 Orb of Destruction       Conj           0%         9d5       100%        7
 Ozocubu's Refrigeration  Ice            0%         4d7       100%        7
 Spellforged Servitor     Conj/Summ      0%         N/A       100%        7
 Summon Hydra             Summ           0%         N/A       100%        7
 Discord                  Hex            0%         N/A       100%        8
 Disjunction              Tloc           12%        N/A       100%        8
 Lehudib's Crystal Spear  Conj/Erth      0%         10d2      100%        8
 Dragon's Call            Summ           0%         N/A       100%        9
 Fire Storm               Conj/Fire      0%         5d1       100%        9
 Polar Vortex             Ice            0%         N/A       100%        9


Dungeon Overview and Level Annotations

Branches:
Dungeon (15/15)            Temple (1/1) D:4            Lair (5/5) D:8
 Shoals (4/4) Lair:3       Spider (4/4) Lair:3        Slime (0/5) Lair:4
    Orc (2/2) D:12            Elf (3/3) Orc:2        Vaults (5/5) D:13
  Crypt (0/3) Vaults:2     Depths (4/4) D:15            Zot (5/5) Depths:4
Volcano (visited)          WizLab (visited)

Altars:
Ashenzari
Cheibriados
Dithmenos
Elyvilon
Fedhas
Gozag
Hepliaklqana
Kikubaaqudgha
Makhleb
Nemelex Xobeh
Okawaru
Qazlal
Ru
Sif Muna
Trog
Uskayaw
Vehumet
Wu Jian
Xom
Yredelemnul
Zin
The Shining One
Jiyva

Shops:
D:6 !   D:14 ((!*?   Orc:2 [=!!:   Elf:1 *   Elf:3 [   Shoals:1 [   Shoals:3 !
Shoals:4 *   Depths:1 !:[[

Portals:
Hell: Depths:1 Depths:2 Depths:3 Depths:4
Abyss: Depths:3
Pandemonium: Depths:2
Ziggurat: Depths:3

Annotations:
D:11 2 runed translucent doors, exclusion: 2 doors, AdnanSaban's ghost, journeyman GrFi
Spider:1 1 runed translucent door, exclusion: door, MrAu's ghost, journeyman FeSh
Elf:2 2 runed translucent doors, exclusion: 2 doors
Vaults:4 2 transporters, Quini's ghost, adept DjFE
Depths:2 3 runed translucent doors, exclusion: 3 doors, andwaal's ghost, veteran MfIE
Zot:1 2 transporters, AIAndy's ghost, master GnWn
Zot:3 3 runed translucent doors, Kiciri's ghost, legendary DjCj
Zot:5 1 exclusion


Innate Abilities, Weirdness & Mutations

You can breathe blasts of scalding, opaque steam.
Your pale cyan-grey scales are hard. (AC +12)
You cannot fit into any form of body armour.
You are cold-blooded and may be slowed by cold attacks.
You are immune to the effects of steam.
You sometimes lose your temper in combat.
Your magical capacity is low. (-10% MP)
You are very weak. (Str -4)


Message History

The soul eater is heavily wounded.
You shoot an arrow.
The arrow hits the soul eater but does no damage.
The soul eater is heavily wounded.
The soul eater completely misses you.
You shoot an arrow. The arrow hits the soul eater!!
The soul eater is almost dead.
You shoot an arrow. The arrow barely misses the soul eater.
You shoot an arrow. The arrow hits the soul eater!!!
You kill the soul eater!
Fedhas accepts your kill.
(D) Dungeon (T) Temple (L) Lair (A) Shoals (N) Spider Nest (M) Slime Pits (O) Orcish Mines (E) Elven Halls (V) Vaults (C) Crypt (U) Depths (H) Hell (Z) Zot
Where to? (Tab/Enter - D:1 @ (x,y), ? - help)
There is a stone staircase leading up here.
You climb upwards.
There is a stone staircase leading down here.
A demonspawn corrupter and a shadow demon come into view.
You shoot an arrow.
The arrow misses the demonspawn corrupter.
You shoot an arrow.
The arrow hits the demonspawn corrupter!!!
The demonspawn corrupter is severely wounded.
You shoot an arrow.
The arrow hits the demonspawn corrupter.
The demonspawn corrupter is severely wounded.
You shoot an arrow.
The arrow hits the demonspawn corrupter.
The demonspawn corrupter is severely wounded.
A demonspawn black sun comes into view. It is wielding a +0 dire flail.
You shoot an arrow.
The arrow hits the demonspawn corrupter!!
You kill the demonspawn corrupter!
Fedhas accepts your kill.
You shoot an arrow.
The arrow closely misses the demonspawn black sun.
The demonspawn black sun invokes the aid of Kikubaaqudgha against you.
The bolt of negative energy misses you.
You shoot an arrow. The arrow hits the shadow demon!!
The shadow demon is heavily wounded.
You shoot an arrow.
The arrow completely misses the shadow demon.
The shadow demon gestures.
The demonspawn black sun calls down the wrath of Kikubaaqudgha upon you.
The bolt of negative energy misses you.
You shoot an arrow. The arrow hits the frilled lizard!!
You kill the frilled lizard!
The frilled lizard's corpse dissolves into shadows!
You shoot an arrow. The arrow hits the frilled lizard!!
You kill the frilled lizard!
The frilled lizard's corpse dissolves into shadows!
You shoot an arrow. The arrow hits the shadow demon!!
The shadow demon is almost dead.
You shoot an arrow. The arrow hits the shadow demon!!
You kill the shadow demon!
Fedhas accepts your kill.
You shoot an arrow.
The arrow misses the demonspawn black sun.
You shoot an arrow.
The arrow barely misses the demonspawn black sun.
You shoot an arrow.
The arrow hits the demonspawn black sun but does no damage.
You shoot an arrow.
The arrow hits the demonspawn black sun!!
The demonspawn black sun is moderately wounded.
You shoot an arrow.
The arrow hits the demonspawn black sun!
The demonspawn black sun is heavily wounded.
The demonspawn black sun hits you with a +0 dire flail.
You shoot an arrow.
The arrow closely misses the demonspawn black sun.
You shoot an arrow.
The arrow hits the demonspawn black sun!!
The demonspawn black sun is severely wounded.
The demonspawn black sun completely misses you.
You shoot an arrow.
The arrow hits the demonspawn black sun!!!
You kill the demonspawn black sun!
Fedhas accepts your kill.
No target in view!
(D) Dungeon (T) Temple (L) Lair (A) Shoals (N) Spider Nest (M) Slime Pits (O) Orcish Mines (E) Elven Halls (V) Vaults (C) Crypt (U) Depths (H) Hell (Z) Zot
Where to? (Tab/Enter - D:1 @ (x,y), ? - help)
A great orb of eyes comes into view.
You shoot an arrow. The arrow hits the great orb of eyes!!!
You kill the great orb of eyes!
Fedhas accepts your kill.
No target in view!
(D) Dungeon (T) Temple (L) Lair (A) Shoals (N) Spider Nest (M) Slime Pits (O) Orcish Mines (E) Elven Halls (V) Vaults (C) Crypt (U) Depths (H) Hell (Z) Zot
Where to? (Tab/Enter - D:1 @ (x,y), ? - help)
There is an open door here.
There is a staircase leading out of the dungeon here.
You have escaped!

.......#
#.#...........#.#
########
#.###########.#.#
#.#...#.......#.#
#.#.#.#.#####†#.#
#...#.#.....#...#
#####.########.##
#...............#
#.##.##+.###.##.#
#.....@#.#......#
#################


There were no monsters in sight!

Vanquished Creatures
  An orb of fire (Zot:5)
  5 dread liches
  2 ancient liches
  Mara (Elf:3)
  6 Killer Klowns
  Bai Suzhen (Elf:3)
  A curse toe (Zot:1)
  6 caustic shrikes
  Nikola (Depths:2)
  7 golden dragons
  Norris (Depths:2)
  A bone dragon (Depths:4)
  A Hell Sentinel (Depths:3)
  3 electric golems
  A walking earthen tome (Depths:3)
  12 tentacled monstrosities
  A walking crystal tome (Depths:2)
  17 Orb Guardians
  A moon troll (WizLab)
  3 deep elf blademasters (Elf:3)
  5 titans
  2 deep elf master archers (Elf:3)
  Polyphemus (Shoals:3)
  6 quicksilver dragons
  6 death cobs
  11 tentacled starspawn
  7 shadow dragons
  Agnes (Spider:3)
  11 storm dragons
  11 sphinxes
  10 tengu reavers
  3 draconian knights
  Ilsuiw (Shoals:3)
  Aizul (Elf:3)
  Kirke (D:13)
  9 fire giants
  17 vault wardens
  9 ghost moths
  A draconian monk (Depths:4)
  8 deep elf sorcerers
  8 frost giants
  4 emperor scorpions
  4 iron dragons
  Louise (Shoals:3)
  2 draconian scorchers (Zot:5)
  3 spectral caustic shrikes (Depths:3)
  10 deep elf elementalists (Elf:3)
  27 very ugly things
  3 broodmothers
  2 draconian shifters (Zot:1)
  3 cacodemons
  2 draconian stormcallers
  21 ironbound preservers
  The ghost of lis82 the Cloud Mage, a journeyman DgAE (Lair:2)
  2 formless jellyfish
  5 war gargoyles
  2 orc warlords
  A draconian annihilator (Zot:2)
  A spriggan defender (Depths:3)
  A demonspawn corrupter (D:1)
  21 stone giants
  4 vampire knights
  5 ironbound thunderhulks
  10 deep elf annihilators
  3 black draconians
  6 starcursed masses
  9 green draconians
  3 white draconians
  A lorocyproca (Depths:4)
  Azrael (D:15)
  A demonspawn black sun (D:1)
  3 spark wasps
  7 deep elf demonologists
  5 purple draconians
  5 yellow draconians
  6 red draconians
  3 blizzard demons
  6 deep elf death magi
  8 dire elephants
  12 merfolk impalers
  3 crystal guardians
  12 fire dragons
  13 entropy weavers
  The ghost of Ifomeed the Cruncher, a journeyman DsGl of Fedhas (Lair:3)
  7 merfolk javelineers
  18 great orbs of eyes
  14 ettins
  3 jiangshi (D:15)
  17 yaktaur captains
  8 deep elf high priests
  A salamander tyrant (Depths:4)
  Erolcha (D:13)
  Fannar (D:10)
  5 rakshasas
  5 ice dragons
  2 jorogumos (Spider:4)
  5 catoblepae
  30 vault guards
  6 hydras
  3 peacekeepers
  2 merfolk avatars (Shoals:4)
  10 centaur warriors
  8 boulder beetles
  3 ogre magi
  20 dancing weapons
  4 spriggan air magi
  12 ironbound frosthearts
  6 radroaches
  3 alligator snapping turtles
  8 death yaks
  9 tengu warriors
  3 satyrs
  11 two-headed ogres
  8 deep troll shamans
  A death scarab (Spider:1)
  2 hell hogs (Depths:4)
  8 merfolk aquamancers
  3 orc high priests
  A vampire mage (D:15)
  9 deep troll earth magi
  6 demonic crawlers
  4 spriggan berserkers
  7 deep elf knights
  A hell knight (Depths:3)
  8 skysharks
  2 wretched stars
  The ghost of Seven7 the Protected, a novice MiFi of Okawaru (D:8)
  Sonja (Orc:1)
  A soul eater (D:2)
  11 sun demons
  8 iron trolls
  4 pharaoh ants
  5 skeletal warriors
  3 sixfirhies
  Nergalle (Orc:2)
  A death drake (Shoals:1)
  2 sun moths
  2 sea snakes (shapeshifter)
  A shadow demon (D:1)
  12 sea snakes
  An orange crystal statue (WizLab)
  15 glowing orange brains
  63 deep trolls
  8 orb spiders
  9 wizards
  18 harpies
  18 ironbound convokers
  10 lindwurms
  3 phantasmal warriors
  6 deep elf archers
  8 steelbarb worms
  4 necromancers
  6 orc knights
  10 orc sorcerers
  A shadow dragon zombie (Depths:1)
  Pikel (D:9)
  3 anaconda skeletons (Volcano)
  A mana viper (shapeshifter) (D:13)
  26 deep elf pyromancers
  30 deep elf zephyrmancers
  2 frost giant zombies
  43 ugly things
  13 wolf spiders
  5 shining eyes
  4 salamanders (Depths:4)
  16 fauns
  17 manticores
  13 cyclopes
  17 moths of wrath
  4 smoke demons
  18 vault sentinels
  A frost giant skeleton (Depths:1)
  A toenail golem (Zot:1)
  12 water nymphs
  13 elephants
  A stone giant skeleton (Depths:1)
  Maurice (D:10)
  12 merfolk sirens
  Joseph (D:7)
  7 eyes of devastation
  7 black mambas
  5 orange demons
  10 cane toads
  7 torpor snails
  3 gargoyles (Volcano)
  2 hellions
  An unseen horror (Abyss:3)
  A spriggan zombie (Depths:1)
  3 rime drakes
  43 yaktaurs
  2 kobold demonologists
  A freezing wraith (Vaults:5)
  5 komodo dragons
  A tormentor (Depths:2)
  4 tengu conjurers
  3 ice devils
  31 merfolk
  A troll (shapeshifter) (D:15)
  4 trolls
  2 hellwings
  12 tarantellas
  10 wind drakes
  A polar bear (Lair:3)
  A hornet (Lair:3)
  A wind drake (shapeshifter) (D:13)
  19 meliai
  A tengu simulacrum (Vaults:3)
  13 blink frogs
  7 snapping turtles
  A deep troll zombie (Vaults:4)
  9 raiju (Abyss:3)
  10 dream sheep
  8 culicivoras
  17 water elementals
  29 slime creatures
  23 jumping spiders
  3 flying skulls (Volcano)
  4 ynoxinuls
  7 wyverns
  A wraith (D:11)
  3 air elementals
  A small abomination (Abyss:1)
  A vampire (D:12)
  3 spriggans (Lair:3)
  91 yaks
  4 shadows
  3 hogs (D:13)
  7 fire bats
  Eustachio (D:4)
  9 fire elementals
  5 golden eyes (WizLab)
  Grum (D:9)
  3 basilisks
  3 neqoxecs
  6 large abominations
  2 redbacks (shapeshifter)
  4 chaos spawn (D:12)
  A warg (Elf:3)
  7 vampire mosquitoes
  50 redbacks
  5 hell hounds
  2 acid dragons
  A glowing shapeshifter zombie (Depths:2)
  17 water moccasins
  Duvessa (D:4)
  A floating eye (Depths:4)
  A meliai simulacrum (D:15)
  22 orc warriors
  2 sky beasts
  3 black bears
  3 ice beasts
  12 ogres
  25 wolves
  2 boggarts
  12 centaurs
  3 phantoms
  3 lemures (D:9)
  3 kobold brigands
  3 necrophages (D:5)
  A wyvern zombie (D:5)
  A gnoll sergeant (D:7)
  12 bullfrogs
  4 earth elementals
  2 scorpions
  A glowing shapeshifter simulacrum (Vaults:4)
  Dowan (D:4)
  9 wights
  4 killer bees (D:9)
  A spriggan skeleton (Volcano)
  9 howler monkeys
  A jelly (D:6)
  7 electric eels
  A lava snake (D:10)
  A quasit (Abyss:1)
  A bullfrog zombie (D:5)
  5 hounds
  A human simulacrum (Vaults:3)
  2 human zombies
  12 orc priests
  An iron imp (Abyss:3)
  2 gnoll boudas
  4 iguanas
  Ijyb (D:3)
  34 orc wizards
  A naga skeleton (Volcano)
  2 mummies (D:5)
  A howler monkey zombie (D:5)
  9 gnolls
  5 adders
  A shadow imp (D:8)
  2 white imps
  An ufetubus (Abyss:1)
  A worm (D:2)
  3 dart slugs
  79 orcs
  5 bats
  9 endoplasms
  2 giant cockroaches
  8 goblins
  11 hobgoblins
  4 jackals
  5 quokkas
  8 ball pythons
  4 frilled lizards
  10 kobolds
  5 rats
  A butterfly (Lair:4)
  A lurking horror (Abyss:3)
  5 starspawn tentacles (WizLab)
2164 creatures vanquished.

Vanquished Creatures (collateral kills)
  A dread lich (Zot:5)
  A Killer Klown (Zot:5)
  2 caustic shrikes (Depths:3)
  A golden dragon (Zot:2)
  3 Orb Guardians (Zot:5)
  A tentacled monstrosity (Zot:5)
  A draconian scorcher (Zot:1)
  A war gargoyle (Depths:3)
  A yellow draconian (Zot:2)
  A demonic crawler (Spider:4)
  2 harpies (Shoals:4)
  2 moths of wrath
  A meliai (Spider:4)
  A tarantella (Spider:1)
  A culicivora (Spider:2)
  A hog (D:13)
  A redback (Spider:4)
  10 ballistomycete spores
32 creatures vanquished.

Vanquished Creatures (others)
  2 caustic shrikes (Depths:3)
  A bone dragon (Abyss:3)
  A draconian scorcher (Zot:2)
  A juggernaut zombie (Depths:2)
  A black draconian (Zot:2)
  A starflower (Abyss:3)
  A yellow draconian (Zot:1)
  A catoblepas (Shoals:3)
  A death drake (Abyss:3)
  A starcursed mass (Abyss:3)
  An oklob plant (D:8)
  2 jellies (Lair:2)
  A quasit (Abyss:3)
  A shadow imp (D:7)
  An orc (D:7)
  2 ballistomycete spores
  8 starspawn tentacles (WizLab)
27 creatures vanquished.

Grand Total: 2223 creatures vanquished

Notes
Turn   | Place    | Note
-------+----------+-------------------------------------------
     0 | D:1      | EnegeticOcto the Draconian Wanderer began the quest for the
                  | Orb.
     0 | D:1      | EnegeticOcto set off with the following items: a +3 sling,
                  | a +0 hand axe, a scroll of fear {!r}.
     0 | D:1      | Reached XP level 1. HP: 17/17 MP: 1/1
    81 | D:1      | Reached skill level 1 in Stealth
   108 | D:1      | Reached XP level 2. HP: 24/24 MP: 2/2
   109 | D:1      | Found a faded altar of an unknown god.
   193 | D:1      | Reached skill level 2 in Stealth
   521 | D:1      | Reached XP level 3. HP: 29/29 MP: 3/3
   931 | D:2      | Reached skill level 5 in Ranged Weapons
   979 | D:2      | Identified the +2 plate armour of Fedhas's Reproof {Contam
                  | rC+ Slay+2}
  1558 | D:3      | Reached XP level 4. HP: 36/36 MP: 4/4
  1887 | D:3      | Noticed Ijyb
  1902 | D:3      | Killed Ijyb
  2221 | D:4      | Found a glowing golden altar of the Shining One.
  2240 | D:4      | Found a staircase to the Ecumenical Temple.
  2250 | Temple   | Entered the Ecumenical Temple
  2254 | Temple   | Became a worshipper of Fedhas Madash
  2312 | D:4      | Reached skill level 6 in Ranged Weapons
  2312 | D:4      | Reached XP level 5. HP: 42/42 MP: 5/5
  2333 | D:4      | Noticed Eustachio
  2352 | D:4      | Killed Eustachio
  2353 | D:4      | Reached skill level 4 in Fighting
  2353 | D:4      | Reached XP level 6. HP: 43/52 MP: 6/6
  2512 | D:4      | Noticed Dowan
  2523 | D:4      | Noticed Duvessa
  2535 | D:4      | Killed Dowan
  2536 | D:4      | Reached skill level 7 in Ranged Weapons
  2538 | D:4      | Killed Duvessa
  2539 | D:4      | Your scales start taking on a pale cyan-grey colour.
  2539 | D:4      | Reached XP level 7. HP: 49/59 MP: 7/7
  2539 | D:4      | Gained mutation: You are immune to the effects of steam.
                  | [Pale Draconian growth]
  2579 | D:4      | Found an opulent altar of Gozag.
  2608 | D:4      | Reached skill level 1 in Invocations
  3112 | D:5      | Entered Level 5 of the Dungeon
  3164 | D:5      | Reached skill level 2 in Invocations
  3343 | D:5      | Reached skill level 3 in Invocations
  3367 | D:5      | Found a shimmering blue altar of Sif Muna.
  3383 | D:5      | Reached * piety under Fedhas
  3384 | D:5      | Reached skill level 8 in Ranged Weapons
  3608 | D:5      | Reached skill level 4 in Invocations
  3608 | D:5      | Reached XP level 8. HP: 30/66 MP: 9/11
  4173 | D:5      | Reached skill level 9 in Ranged Weapons
  4541 | D:5      | Found a basalt altar of Yredelemnul.
  4568 | D:5      | Reached skill level 10 in Ranged Weapons
  4722 | D:6      | Reached XP level 9. HP: 56/71 MP: 12/12
  4817 | D:6      | Reached ** piety under Fedhas
  4828 | D:6      | Reached skill level 11 in Ranged Weapons
  4999 | D:6      | Found a burning altar of Makhleb.
  5024 | D:6      | Found Oqagic's Distillery.
  5030 | D:6      | Bought a potion of curing for 36 gold pieces
  5030 | D:6      | Bought a potion of heal wounds for 60 gold pieces
  5030 | D:6      | Bought a potion of resistance for 120 gold pieces
  5030 | D:6      | Bought a potion of heal wounds for 60 gold pieces
  5089 | D:6      | Found a snail-covered altar of Cheibriados.
  5090 | D:6      | Found a shadowy altar of Dithmenos.
  5408 | D:6      | Identified the +3 dagger of the Feral God {flame, rElec
                  | rCorr Int+4}
  5543 | D:7      | Reached skill level 12 in Ranged Weapons
  5766 | D:7      | Noticed Joseph
  5781 | D:7      | Killed Joseph
  6235 | D:8      | Learned a level 2 spell: Blink
  6238 | D:8      | Learned a level 2 spell: Passwall
  6245 | D:8      | Found a transporter.
  6252 | D:8      | Noticed a troll
  6271 | D:8      | Reached *** piety under Fedhas
  6278 | D:8      | Reached skill level 1 in Translocations
  6278 | D:8      | Reached XP level 10. HP: 58/79 MP: 13/13
  6281 | D:8      | Killed an oklob plant
  6284 | D:8      | Reached skill level 1 in Dodging
  6353 | D:8      | Noticed Seven7's ghost (novice MiFi)
  6599 | D:8      | Reached skill level 2 in Translocations
  6661 | D:8      | Reached skill level 13 in Ranged Weapons
  6661 | D:8      | Reached skill level 2 in Dodging
  6698 | D:8      | Found a transporter.
  6748 | D:8      | Reached skill level 5 in Fighting
  7037 | D:8      | Found a staircase to the Lair.
  7067 | D:8      | Reached skill level 3 in Translocations
  7088 | D:8      | Reached skill level 3 in Dodging
  7358 | D:8      | Reached skill level 6 in Fighting
  7390 | D:9      | Reached skill level 4 in Translocations
  7396 | D:9      | Reached **** piety under Fedhas
  7666 | D:9      | Noticed Grum
  7681 | D:9      | Killed Grum
  7682 | D:9      | Reached skill level 4 in Dodging
  7829 | D:9      | Noticed Pikel
  7835 | D:9      | Killed Pikel
  7836 | D:9      | Reached XP level 11. HP: 91/91 MP: 14/14
  7847 | D:9      | Identified the +3 pair of boots of Igenoses {Int+4 Dex+2
                  | SInv}
  7873 | D:9      | Noticed a two-headed ogre
  7887 | D:9      | Killed a two-headed ogre
  8049 | D:9      | Found a hide-covered altar of Uskayaw.
  8254 | D:9      | Reached skill level 5 in Translocations
  8384 | D:10     | Entered Level 10 of the Dungeon
  8526 | D:10     | Reached skill level 7 in Fighting
  8662 | D:10     | Reached ***** piety under Fedhas
  8749 | D:10     | Noticed Fannar
  8758 | D:10     | Killed Fannar
  8841 | D:10     | Noticed Maurice
  8848 | D:10     | Killed Maurice
  8849 | D:10     | Reached skill level 5 in Dodging
  9285 | D:10     | Noticed an orc knight
  9291 | D:10     | Killed an orc knight
  9399 | Lair:1   | Entered Level 1 of the Lair of Beasts
  9405 | Lair:1   | Reached skill level 8 in Fighting
  9484 | Lair:1   | Reached skill level 14 in Ranged Weapons
  9614 | Lair:1   | Reached skill level 6 in Dodging
  9639 | Lair:1   | Reached skill level 5 in Invocations
  9865 | Lair:1   | Reached skill level 6 in Invocations
  9877 | Lair:1   | Reached XP level 12. HP: 73/101 MP: 16/16
 10168 | Lair:1   | Reached skill level 7 in Invocations
 11122 | Lair:2   | Reached skill level 8 in Invocations
 11265 | Lair:2   | Reached skill level 15 in Ranged Weapons
 11296 | Lair:2   | Reached ****** piety under Fedhas
 11390 | Lair:2   | Reached skill level 9 in Invocations
 11763 | Lair:2   | Noticed a catoblepas
 11802 | Lair:2   | Killed a catoblepas
 12056 | Lair:2   | Found a runed translucent gate.
 12057 | Lair:2   | Found a runed translucent gate.
 12058 | Lair:2   | Found a runed translucent gate.
 12141 | Lair:2   | Noticed lis82's ghost (journeyman DgAE)
 12147 | Lair:2   | Found a viscous altar of Jiyva.
 12402 | Lair:3   | Found a runed translucent door.
 12404 | Lair:3   | Identified the +4 trident of Amortisation {pain, rCorr
                  | Int+3 Dex+4}
 12404 | Lair:3   | Noticed Ifomeed's ghost (journeyman DsGl)
 12510 | Lair:3   | Found a staircase to the Shoals.
 12513 | Lair:3   | Reached skill level 10 in Invocations
 12757 | Lair:3   | Reached skill level 16 in Ranged Weapons
 12758 | Lair:3   | Reached XP level 13. HP: 58/107 MP: 20/20
 13484 | Lair:3   | Found a hole to the Spider Nest.
 13680 | Lair:4   | Reached skill level 17 in Ranged Weapons
 13681 | Lair:4   | Found a staircase to the Slime Pits.
 14208 | Lair:4   | Identified the orb of the Enchanting Gods {*Rage, Int+3}
 14709 | Lair:5   | Entered Level 5 of the Lair of Beasts
 14892 | Lair:5   | Reached skill level 18 in Ranged Weapons
 15819 | Lair:5   | Reached XP level 14. HP: 92/115 MP: 21/21
 16119 | Lair:5   | Reached skill level 19 in Ranged Weapons
 16367 | Lair:5   | Identified the +1 quarterstaff of Propriety {freeze, rPois
                  | Int+2 Dex+3}
 17238 | D:11     | Identified a scroll of acquirement
 17239 | D:11     | Acquired 418 gold pieces
 17363 | D:11     | Found a runed translucent door.
 17363 | D:11     | Found a runed translucent door.
 17366 | D:11     | Noticed AdnanSaban's ghost (journeyman GrFi)
 17547 | D:11     | Noticed a lich
 17931 | D:12     | Found the +7 mace of Variability {chaos, chaos arc}
 17942 | D:12     | Found a shimmering altar of Xom.
 17964 | D:12     | Reached skill level 2 in Evocations
 18473 | D:12     | Reached skill level 3 in Stealth
 18584 | D:12     | Found a staircase to the Orcish Mines.
 18776 | Orc:1    | Entered Level 1 of the Orcish Mines
 18791 | Orc:1    | Noticed Sonja
 18801 | Orc:1    | Killed Sonja
 18867 | Orc:1    | Reached skill level 3 in Evocations
 19286 | Orc:2    | Entered Level 2 of the Orcish Mines
 19307 | Orc:2    | Found a staircase to the Elven Halls.
 19509 | Orc:2    | Found a dark tunnel.
 19535 | Volcano  | Entered a volcano
 19698 | Volcano  | Reached skill level 4 in Stealth
 19928 | Volcano  | Reached skill level 9 in Fighting
 19928 | Volcano  | Reached skill level 4 in Evocations
 19972 | Volcano  | Reached skill level 7 in Dodging
 19980 | Volcano  | Identified the +0 pair of boots of Love and Death {rN+}
 20262 | Orc:2    | Found Ofusitwu's Distillery.
 20845 | Orc:2    | Found Inaud's Jewellery Emporium.
 20869 | Orc:2    | Found Gowkao's Antique Armour Shoppe.
 20891 | Orc:2    | Found an ancient bone altar of Kikubaaqudgha.
 20997 | Orc:2    | Reached XP level 15. HP: 95/124 MP: 22/22
 21033 | Orc:2    | Noticed Nergalle
 21041 | Orc:2    | Killed Nergalle
 21435 | Orc:2    | Found Nagufech's Distillery.
 21464 | Orc:2    | Found Eprisid's Book Emporium.
 21522 | Orc:2    | Found a radiant altar of Vehumet.
 21743 | Orc:2    | Bought a +6 ring of dexterity for 612 gold pieces
 21829 | D:13     | Reached skill level 5 in Evocations
 21837 | D:13     | Noticed Kirke
 22821 | D:13     | Reached skill level 20 in Ranged Weapons
 22864 | D:13     | Noticed Erolcha
 22873 | D:13     | Killed Erolcha
 23166 | D:13     | Reached skill level 10 in Fighting
 23185 | D:13     | Reached skill level 6 in Evocations
 23674 | D:13     | Killed Kirke
 23675 | D:13     | Reached skill level 8 in Dodging
 24031 | D:13     | Identified the +3 kite shield of the Bulwark {rF+ Int+2}
 24403 | D:13     | Reached skill level 11 in Fighting
 24436 | D:13     | Found a gate to the Vaults.
 24633 | D:14     | Found Gerphe Gutosk's Magic Scroll Shoppe.
 24636 | D:14     | Bought a scroll of identify for 26 gold pieces
 24636 | D:14     | Bought a scroll of identify for 26 gold pieces
 24636 | D:14     | Bought a scroll of identify for 26 gold pieces
 24710 | D:14     | Reached skill level 9 in Dodging
 24880 | D:14     | Found Saic's Distillery.
 24888 | D:14     | Bought a potion of berserk rage for 55 gold pieces
 24888 | D:14     | Bought a potion of degeneration for 11 gold pieces
 25007 | D:14     | Found Xakhlup's Weapon Emporium.
 25022 | D:14     | Bought a throwing net for 51 gold pieces
 25045 | D:14     | Found Irchen Deu's General Store.
 25281 | D:14     | Found Foplofe's Weapon Boutique.
 25373 | D:15     | Entered Level 15 of the Dungeon
 25504 | D:15     | Identified the +8 dagger of Odief {drain, rElec rC+ SInv}
 25649 | D:15     | Reached skill level 12 in Fighting
 25866 | D:15     | Noticed Azrael
 25879 | D:15     | Killed Azrael
 26177 | D:15     | Reached skill level 10 in Dodging
 26249 | D:15     | Reached XP level 16. HP: 141/141 MP: 23/23
 26601 | D:15     | Found a staircase to the Depths.
 26857 | Shoals:1 | Entered Level 1 of the Shoals
 27653 | Shoals:1 | Found Bethrodgh's Armour Emporium.
 27669 | Shoals:1 | Reached skill level 13 in Fighting
 28164 | Shoals:1 | Reached skill level 11 in Dodging
 28584 | Shoals:1 | Identified the +1 pair of boots "Leixker" {Str+3 Int+3}
 29388 | Shoals:2 | Reached skill level 14 in Fighting
 29646 | Shoals:2 | Reached skill level 12 in Dodging
 29970 | Shoals:3 | Noticed Ilsuiw
 29987 | Shoals:3 | Noticed Polyphemus
 29989 | Shoals:3 | Killed Ilsuiw
 30009 | Shoals:3 | Noticed Louise
 30028 | Shoals:3 | Killed Louise
 30043 | Shoals:3 | Reached skill level 7 in Evocations
 30046 | Shoals:3 | Killed Polyphemus
 30642 | Shoals:3 | Reached skill level 11 in Invocations
 30721 | Shoals:3 | Reached XP level 17. HP: 152/152 MP: 25/25
 30786 | Shoals:3 | Found Lamew's Distillery.
 31082 | Orc:2    | Bought a potion of curing for 42 gold pieces
 31082 | Orc:2    | Bought a potion of cancellation for 112 gold pieces
 31082 | Orc:2    | Bought a potion of heal wounds for 70 gold pieces
 31082 | Orc:2    | Bought a potion of curing for 42 gold pieces
 31082 | Orc:2    | Bought a potion of cancellation for 112 gold pieces
 31082 | Orc:2    | Bought a potion of haste for 140 gold pieces
 31082 | Orc:2    | Bought a potion of heal wounds for 70 gold pieces
 31082 | Orc:2    | Bought a potion of curing for 42 gold pieces
 31292 | Shoals:4 | Entered Level 4 of the Shoals
 31794 | Shoals:4 | Acquired 1359 gold pieces
 31796 | Shoals:4 | Acquired a manual of Fighting
 31798 | Shoals:4 | Acquired the +4 hat of Bursted the Leaf {Dex+5}
 31830 | Shoals:4 | Reached skill level 8 in Evocations
 31850 | Shoals:4 | Found Ystrimp's Assorted Antiques.
 31871 | Shoals:4 | Bought a scroll labelled UBETIU FAOGIG for 33 gold pieces
 31871 | Shoals:4 | Bought a faintly glowing ivory ring for 165 gold pieces
 31871 | Shoals:4 | Identified the ring "Ryefexif" {rCorr Str-4 Dex+3} (You
                  | bought it in a shop on level 4 of the Shoals)
 32181 | Shoals:4 | Reached skill level 13 in Dodging
 32423 | Shoals:4 | Reached skill level 9 in Evocations
 32434 | Shoals:4 | Reached skill level 12 in Invocations
 33007 | Shoals:4 | Got a barnacled rune of Zot
 33470 | Shoals:4 | Bought a notched jade ring for 165 gold pieces
 33470 | Shoals:4 | Bought a scroll of fear for 132 gold pieces
 33470 | Shoals:4 | Bought a scroll of teleportation for 99 gold pieces
 33470 | Shoals:4 | Bought a scroll of poison for 132 gold pieces
 33730 | Orc:2    | Bought a ring of protection from fire for 425 gold pieces
 33925 | Spider:1 | Entered Level 1 of the Spider Nest
 34200 | Spider:1 | Reached skill level 13 in Invocations
 34536 | Spider:1 | Reached skill level 14 in Dodging
 34626 | Spider:1 | Found a runed translucent door.
 34630 | Spider:1 | Noticed MrAu's ghost (journeyman FeSh)
 35134 | D:8      | Killed Seven7's ghost
 35318 | Lair:2   | Killed lis82's ghost
 35624 | Lair:3   | Killed Ifomeed's ghost
 35797 | Spider:2 | Reached skill level 15 in Fighting
 35899 | Spider:2 | Identified the +1 cloak of Exclusion {Fly rF- Will+}
 36053 | Spider:2 | Reached XP level 18. HP: 110/163 MP: 28/28
 37192 | Spider:3 | Noticed Agnes
 37201 | Spider:3 | Killed Agnes
 37436 | Spider:3 | Reached skill level 14 in Invocations
 37445 | Spider:3 | Reached skill level 16 in Fighting
 38006 | Spider:4 | Entered Level 4 of the Spider Nest
 38361 | Spider:4 | Paralysed by a jorogumo for 3 turns
 38367 | Spider:4 | Reached skill level 17 in Fighting
 38367 | Spider:4 | Reached skill level 15 in Dodging
 39857 | Spider:4 | Reached skill level 18 in Fighting
 40657 | Spider:4 | Got a gossamer rune of Zot
 40994 | Elf:1    | Entered Level 1 of the Elven Halls
 41607 | Elf:1    | Reached skill level 16 in Dodging
 41645 | Elf:1    | Reached skill level 19 in Fighting
 42046 | Elf:1    | Reached XP level 19. HP: 165/177 MP: 29/29
 42170 | Elf:1    | Found Uczei's General Store.
 42177 | Elf:1    | Bought a potion of haste for 120 gold pieces
 43184 | Elf:2    | Found a runed translucent door.
 43210 | Elf:2    | Found a runed translucent door.
 43256 | Elf:3    | Entered Level 3 of the Elven Halls
 43265 | Elf:3    | Noticed Aizul
 43274 | Elf:3    | Killed Aizul
 43909 | Elf:3    | Reached skill level 20 in Fighting
 43920 | Elf:3    | Found Ixtasel's Antique Armour Boutique.
 43920 | Elf:3    | Noticed Bai Suzhen
 43929 | Elf:3    | Killed Bai Suzhen
 43930 | Elf:3    | Reached skill level 17 in Dodging
 44008 | Elf:3    | Noticed Mara
 44014 | Elf:3    | Noticed EnegeticOcto's illusion
 44042 | Elf:3    | Killed Mara
 45102 | Elf:3    | Reached skill level 18 in Dodging
 45973 | Elf:3    | Reached skill level 5 in Stealth
 46490 | Elf:3    | Reached XP level 20. HP: 193/193 MP: 30/30
 46588 | Elf:3    | Reached skill level 10 in Evocations
 46761 | Elf:3    | Found the +8 longbow "Zephyr" {speed, Dex+3 SInv}
 46769 | Elf:3    | Got the Encyclopedia of Accompaniment
 46776 | Elf:3    | Got the Octavo of Congregated Pyromancy
 46815 | Elf:3    | Identified the +8 morningstar "Bianef" {freeze, rC+ Stlth+}
 46854 | Elf:3    | Identified the ring of Wisdom {Will++ rCorr Int+6 Stlth+}
 46865 | Elf:3    | Got the Treatise on Kindled Metamorphosis
 46866 | Elf:3    | Identified the ring "Cuifoick" {rF+ Dex+3 SInv}
 46893 | Elf:3    | Got the Anthology of Hubris
 46902 | Elf:3    | Identified the staff "Luzemm" {rElec Dex+5 Conj}
 47138 | Elf:3    | Reached skill level 6 in Stealth
 47316 | Vaults:1 | Entered Level 1 of the Vaults
 47572 | Vaults:1 | Reached skill level 15 in Invocations
 47717 | Vaults:1 | Reached skill level 7 in Stealth
 47987 | Vaults:1 | Reached skill level 11 in Evocations
 48551 | Vaults:1 | Found a portal to a secret trove of treasure.
 48803 | Vaults:2 | Found a staircase to the Crypt.
 48803 | Vaults:2 | Found a basalt altar of Yredelemnul.
 48803 | Vaults:2 | Found an ancient bone altar of Kikubaaqudgha.
 48901 | Vaults:2 | Reached skill level 8 in Stealth
 49217 | Vaults:2 | Reached skill level 12 in Evocations
 49226 | Vaults:2 | Reached skill level 16 in Invocations
 49488 | Vaults:2 | Reached skill level 13 in Evocations
 49717 | Vaults:2 | Reached skill level 14 in Evocations
 49833 | Vaults:2 | Reached XP level 21. HP: 201/201 MP: 33/33
 50395 | Vaults:3 | You fall into a shaft and drop 1 floor!
 50453 | Vaults:4 | Reached skill level 15 in Evocations
 51170 | Vaults:4 | Reached skill level 17 in Invocations
 51564 | Vaults:4 | Noticed a dread lich
 51673 | Vaults:4 | Found a transporter.
 51695 | Vaults:4 | Found a transporter.
 51698 | Vaults:4 | Noticed Quini's ghost (adept DjFE)
 51885 | Vaults:4 | Identified the +1 broad axe "Batonebb" {heavy, rC++ Stlth+}
 52836 | Vaults:3 | Reached skill level 21 in Ranged Weapons
 53051 | Vaults:3 | Reached skill level 18 in Invocations
 53344 | Depths:1 | Entered Level 1 of the Depths
 53344 | Depths:1 | Found a gateway to Hell.
 53696 | Depths:1 | Found Inyrucom's Antique Armour Emporium.
 53700 | Depths:1 | Found Ufynuir's Armour Emporium.
 53701 | Depths:1 | Found Duamok's Distillery.
 53706 | Depths:1 | Found Afigrise's Book Emporium.
 53711 | Depths:1 | Identified the ring of the Scavenger {Drain rN+ Dex+5}
 53715 | Depths:1 | Bought a potion of heal wounds for 85 gold pieces
 53732 | Depths:1 | Reached XP level 22. HP: 209/209 MP: 35/35
 54413 | Depths:1 | Reached skill level 19 in Invocations
 54822 | Depths:2 | Found a magical portal.
 54831 | WizLab   | Entered Lehudib's Moon Base
 55219 | WizLab   | Reached skill level 22 in Ranged Weapons
 55369 | WizLab   | Found a transporter.
 55633 | WizLab   | Found a transporter.
 56232 | WizLab   | Identified the amulet of Isuit {Regen+ Dex+3 Slay+3 Stlth+}
 56245 | WizLab   | Identified the +0 scale mail "Woaladde" {rF+ Dex+3 Stlth+}
 56282 | WizLab   | Got Lehudib's Vellum of the Quantum Ground
 56348 | Depths:2 | Reached skill level 20 in Invocations
 56529 | Depths:2 | Found an ancient bone altar of Kikubaaqudgha.
 56529 | Depths:2 | Found a snail-covered altar of Cheibriados.
 56538 | Depths:2 | Found a snail-covered altar of Cheibriados.
 56538 | Depths:2 | Found a broken altar of Ashenzari.
 56550 | Depths:2 | Noticed a golden dragon
 56565 | Depths:2 | Killed a golden dragon
 56573 | Depths:2 | Identified the ring of Jichuban {rF- rC+ EV+5 Dex+5}
 56675 | Depths:2 | Identified the ring of the Hart {MP+9 EV+5}
 56837 | Depths:2 | Found a one-way gate leading to the halls of Pandemonium.
 56936 | Depths:2 | Noticed Norris
 56942 | Depths:2 | Noticed Nikola
 56945 | Depths:2 | Killed Norris
 56946 | Depths:2 | Reached skill level 23 in Ranged Weapons
 56961 | Depths:2 | Killed Nikola
 57097 | Depths:2 | Reached XP level 23. HP: 215/215 MP: 37/37
 57104 | Depths:2 | Found a snail-covered altar of Cheibriados.
 57194 | Depths:2 | Found a runed translucent gate.
 57194 | Depths:2 | Found a runed translucent gate.
 57194 | Depths:2 | Found a runed translucent gate.
 57195 | Depths:2 | Noticed andwaal's ghost (veteran MfIE)
 57196 | Depths:2 | Identified the +2 leather armour "Qoxemm" {rN+ Str-3 Int+3}
 57711 | Depths:3 | Found a one-way gateway to a ziggurat.
 57835 | Depths:2 | Learned a level 3 spell: Portal Projectile
 58005 | Depths:3 | Found a one-way gate to the infinite horrors of the Abyss.
 58106 | Depths:3 | Noticed a caustic shrike
 58107 | Depths:3 | Noticed a caustic shrike
 58107 | Depths:3 | Noticed a caustic shrike
 58109 | Depths:3 | Noticed a caustic shrike
 58114 | Depths:3 | Noticed a caustic shrike
 58116 | Depths:3 | Killed a caustic shrike
 58126 | Depths:3 | Killed a caustic shrike
 58130 | Depths:3 | Killed a caustic shrike
 58132 | Depths:3 | Reached skill level 24 in Ranged Weapons
 58807 | Depths:4 | Entered Level 4 of the Depths
 58827 | Depths:4 | Noticed a caustic shrike
 58827 | Depths:4 | Noticed a caustic shrike
 58831 | Depths:4 | Noticed a caustic shrike
 58834 | Depths:4 | Killed a caustic shrike
 58834 | Depths:4 | Noticed a caustic shrike
 58835 | Depths:4 | Noticed a caustic shrike
 58843 | Depths:4 | Killed a caustic shrike
 58852 | Depths:4 | Killed a caustic shrike
 58857 | Depths:4 | Killed a caustic shrike
 58863 | Depths:4 | Killed a caustic shrike
 59118 | Depths:4 | Gained mutation: You are weak. (Str -2) [a shining eye]
 59183 | Depths:4 | Reached skill level 25 in Ranged Weapons
 59206 | Depths:4 | Gained mutation: You have hidden genetic defects. [a
                  | shining eye]
 59813 | Depths:4 | Found a gate to the Realm of Zot.
 59815 | Depths:4 | Identified the +11 plate armour "Daep" {-Tele rN+ Regen+
                  | Slay+3}
 60003 | Depths:3 | Voluntarily entered the Abyss.
 60033 | Abyss:1  | Found a corrupted altar of Lugonu.
 60220 | Depths:3 | Escaped the Abyss
 60222 | Depths:3 | Voluntarily entered the Abyss.
 60264 | Abyss:3  | Got an abyssal rune of Zot
 60301 | Abyss:3  | Found a corrupted altar of Lugonu.
 60526 | Abyss:3  | Gained mutation: Your magical capacity is low. (-10% MP)
                  | [hidden defects]
 60610 | Abyss:3  | Reached XP level 24. HP: 224/224 MP: 33/33
 60686 | Depths:3 | Escaped the Abyss
 60876 | Vaults:1 | You showed the abyssal rune of Zot to enter a treasure
                  | trove
 60877 | Trove    | Entered a treasure trove
 61083 | Vaults:5 | Entered Level 5 of the Vaults
 61611 | Vaults:5 | Reached skill level 26 in Ranged Weapons
 62010 | Vaults:5 | Identified the +8 plate armour "Ixoker" {Rampage}
 62236 | Vaults:5 | Noticed a dread lich
 62242 | Vaults:5 | Killed a dread lich
 62427 | Vaults:5 | Gained mutation: You are very weak. (Str -4) [hidden
                  | defects]
 62427 | Vaults:5 | Lost mutation: You have hidden genetic defects. [hidden
                  | defects expressed]
 63518 | Vaults:5 | Identified the staff "Soiplos" {rF+ Str+2 Fire}
 64159 | Vaults:5 | Identified the +1 quarterstaff "Undertaker" {vamp, rElec}
 64250 | Vaults:5 | Reached skill level 27 in Ranged Weapons
 64422 | Vaults:5 | Noticed an ancient lich
 64436 | Vaults:5 | Killed an ancient lich
 64475 | Vaults:5 | Identified the +2 pair of boots of the Planets {Fly rC-
                  | Slay+3 Stlth+}
 64479 | Vaults:5 | Got a silver rune of Zot
 64538 | Vaults:5 | Reached skill level 16 in Evocations
 64584 | Vaults:5 | Got the Anthology of Portals and Forms
 64637 | Vaults:5 | Identified the staff "Qidorghy" {rF+ Dex+3 Stlth+ Earth}
 65365 | Zot:1    | Entered Level 1 of the Realm of Zot
 65691 | Zot:1    | Reached skill level 17 in Evocations
 66294 | Zot:1    | Found a transporter.
 66299 | Zot:1    | Noticed AIAndy's ghost (master GnWn)
 66760 | Orc:2    | Bought a potion of cancellation for 120 gold pieces
 66760 | Orc:2    | Bought a potion of haste for 150 gold pieces
 66760 | Orc:2    | Bought a potion of haste for 150 gold pieces
 66760 | Orc:2    | Bought a potion of cancellation for 120 gold pieces
 66760 | Orc:2    | Bought a potion of heal wounds for 75 gold pieces
 66760 | Orc:2    | Bought a potion of curing for 45 gold pieces
 66760 | Orc:2    | Bought 2 potions of curing for 90 gold pieces
 66760 | Orc:2    | Bought a potion of ambrosia for 120 gold pieces
 66884 | D:14     | Bought a potion of heal wounds for 95 gold pieces
 67128 | Shoals:3 | Bought a potion of resistance for 150 gold pieces
 67128 | Shoals:3 | Bought a potion of haste for 150 gold pieces
 67128 | Shoals:3 | Bought a potion of curing for 45 gold pieces
 67128 | Shoals:3 | Bought a potion of haste for 150 gold pieces
 67373 | D:14     | Bought a potion of curing for 33 gold pieces
 67373 | D:14     | Bought a potion of heal wounds for 55 gold pieces
 67373 | D:14     | Bought a potion of curing for 33 gold pieces
 67373 | D:14     | Bought a potion of mutation for 88 gold pieces
 67568 | Zot:1    | Found a transporter.
 67692 | Zot:1    | Reached XP level 25. HP: 233/233 MP: 33/33
 67729 | Zot:1    | Noticed a Killer Klown
 67736 | Zot:1    | Killed a Killer Klown
 67830 | Zot:1    | Reached skill level 18 in Evocations
 68039 | Zot:1    | Reached skill level 19 in Dodging
 68323 | Zot:2    | Reached skill level 19 in Evocations
 68552 | Zot:3    | Found a runed translucent gate.
 68553 | Zot:3    | Found a runed translucent gate.
 68554 | Zot:3    | Found a runed translucent gate.
 68565 | Zot:3    | Noticed Kiciri's ghost (legendary DjCj)
 68572 | Zot:4    | Found an ancient bone altar of Kikubaaqudgha.
 68589 | Zot:5    | Entered Level 5 of the Realm of Zot
 68820 | Zot:5    | Gained mutation: You sometimes lose your temper in combat.
                  | [mutagenic glow]
 68871 | Zot:5    | Reached skill level 21 in Fighting
 69963 | Zot:5    | Reached skill level 20 in Dodging
 70074 | Zot:5    | Noticed a Killer Klown
 70084 | Zot:5    | Killed a Killer Klown
 70124 | Zot:5    | Noticed an ancient lich
 70141 | Zot:5    | Killed an ancient lich
 70144 | Zot:5    | Noticed a dread lich
 70155 | Zot:5    | Noticed a Killer Klown
 70156 | Zot:5    | Killed a dread lich
 70168 | Zot:5    | Killed a Killer Klown
 70299 | Zot:5    | Noticed an orb of fire
 70313 | Zot:5    | Killed an orb of fire
 70708 | Zot:5    | Noticed a Killer Klown
 70720 | Zot:5    | Killed a Killer Klown
 71246 | Zot:5    | Noticed a dread lich
 71260 | Zot:5    | Killed a dread lich
 71266 | Zot:5    | Noticed a Killer Klown
 71280 | Zot:5    | Killed a Killer Klown
 71291 | Zot:5    | Noticed a dread lich
 71293 | Zot:5    | Killed a dread lich
 71401 | Zot:5    | Noticed a dread lich
 71406 | Zot:5    | Killed a dread lich
 71531 | Zot:5    | Noticed a Killer Klown
 71541 | Zot:5    | Killed a Killer Klown
 71708 | Zot:5    | Noticed a dread lich
 71716 | Zot:5    | Killed a dread lich
 71978 | Zot:5    | Reached skill level 21 in Dodging
 72087 | Zot:5    | Noticed a Killer Klown
 72093 | Zot:5    | Killed a Killer Klown
 72219 | Zot:5    | Reached skill level 22 in Fighting
 72219 | Zot:5    | Reached XP level 26. HP: 246/246 MP: 33/33
 72445 | Zot:5    | Got the Orb of Zot
 73090 | D:$      | Escaped with the Orb!

Illustrated notes

Levels and vault maps discovered:
D:1:      onia_arrival_mini_maze_b, layout_basic, ebering_ecumenical_altar_box
D:2:      layout_rooms, eino_tiny_chamber, hex_tiny
D:3:      layout_loops_ring, uniq_ijyb
D:4:      layout_cave_pods, mainiacjoe_overflow_24_doors,
          nicolae_gozag_cash_rules_everything_around_me, temple_fountains,
          uniq_duvessa, uniq_eustachio
D:5:      layout_basic, mainiacjoe_overflow_alcove_1,
          lemuel_mausoleum_altar_yredelemnul, serial_glass, glass_columns_b,
          glass_columns_b
D:6:      layout_cave_pools, old_standard_altar,
          gammafunk_temple_overflow_pools, serial_shops, nicolae_stop_n_shop_1
D:7:      layout_cave_pools, chequers_mini_garden, st_stairs_12, uniq_joseph
D:8:      layout_basic, minmay_lair_entry_grove, nzn_ghost_randoct
D:9:      layout_basic, lemuel_doored_altar, uniq_grum, uniq_pikel
D:10:     cheibrodos_orc_bank, layout_basic, nrook_uturn,
          nicolae_lava_and_water, uniq_maurice, uniq_fannar
D:11:     layout_gridville, muffindrake_ghost_dual_entry,
          dreamdust_gnoll_shepherd
D:12:     layout_basic, minmay_orc_entry_temple_small, grunt_decor_cap,
          minmay_guarded_unrand_variability
D:13:     layout_big_octagon, lightli_vaults_fourway_checkpoint,
          grunt_potential, uniq_kirke, uniq_erolcha
D:14:     layout_small_grid, palyth_stone_intersect, serial_shops,
          nicolae_shop_tiny_statue_garden, nicolae_shop_bloodbath_and_beyond,
          nicolae_shop_window_shopping, shop, nicolae_stop_n_shop_1
D:15:     gammafunk_enter_depths_forms, layout_loops_ring, nrook_campfire,
          uniq_azrael
Temple:   zaba_magenta_temple
Lair:1:   layout_gridlike
Lair:2:   layout_layer_cave, gammafunk_ghost_ooze, grunt_megastairs_2
Lair:3:   layout_roguey, minmay_shoals_entry_centaurs,
          nicolae_spider_entry_lesser_pyramids, ebering_ghost_funeral_grove,
          st_stairs_10, minivault_19, beast_lair_carwin_1
Lair:4:   layout_loops_ring, minmay_slime_entry_oklob_open, minivault_23,
          fungi_pond_lemuel, chequers_serial_rivers_room_a, lemuel_fruit_fields
Lair:5:   evilmike_catoblepas_cave, layout_long_grid, serial_rivers,
          chequers_serial_rivers_large_a, chequers_serial_rivers_micro_c,
          chequers_serial_rivers_micro_b, chequers_serial_rivers_micro_e,
          chequers_serial_rivers_room_b, chequers_serial_rivers_micro_b
Shoals:1: layout_shoals, serial_shops, shop,
          nicolae_shoals_nymph_descending_staircase
Shoals:2: layout_shoals, nicolae_shoals_land_atoll
Shoals:3: layout_shoals, serial_shops, shop, uniq_polyphemus, uniq_louise,
          uniq_ilsuiw
Shoals:4: shoals_end_hangedman, layout_shoals, serial_shops,
          nicolae_shop_dealshenge, nicolae_shoals_dead_sea_scrolls
Spider:1: layout_spider_delve, ebering_ghost_reflecting_pool
Spider:2: layout_spider_delve
Spider:3: layout_spider_delve, guppyfry_spider_mini_3, uniq_agnes
Spider:4: hellmonk_spider_rune_bug_friends, nicolae_spider_claw_tunnel
Orc:1:    layout_caves, basic_altar, uniq_sonja
Orc:2:    kennysheep_orc_mage_school, layout_caves, serial_shops,
          nicolae_shop_back_alley_shop, nicolae_volcano_entry_lava_flow,
          rock_pile
Elf:1:    minmay_elf_arrival_plus, layout_geoelf_octagon, serial_shops,
          nicolae_shop_temple_entry_statues_fountains,
          kennysheep_underground_church, grunt_megastairs_5
Elf:2:    nicolae_elf_blades_splatter_lattice
          [nicolae_blade_entry_splitting_headache], layout_geoelf_octagon,
          drop_trap, nrook_mini_backslash
Elf:3:    minmay_elf_hall_four_x, layout_geoelf_castle, serial_shops, shop,
          hangedman_elven_crosses_minicolossus, uniq_mara, uniq_aizul,
          uniq_bai_suzhen
Vaults:1: nicolae_vaults_border_crossing, v_alt_pattern_4,
          nicolae_vaults_meiosis, ontoclasm_vaults_misaligned,
          nicolae_vaults_security_offices_2, nicolae_vaults_frosty_reception,
          v_misc_26, nicolae_vaults_offset_grid_hallway_3, v_misc_22,
          nicolae_vaults_closet_pinwheel_4, hangedman_vaults_restitches,
          nicolae_vaults_diamond_1, vaults_room_semicircle, layout_vaults_ring,
          enter_trove_1
Vaults:2: nicolae_vaults_tetromino_L_1, nicolae_vaults_wine_cellar,
          vaults_mumra_hex, minmay_crypt_entry_necro_gods,
          nicolae_vaults_six-pack, nicolae_vaults_network_s,
          nicolae_vaults_doubleplus_tesselated,
          nicolae_vaults_closet_pinwheel_3, nicolae_vaults_corpse_flower,
          nicolae_vaults_trapezoid_3, vaults_room_octagon,
          nicolae_vaults_lightning_bolt, ontoclasm_vaults_bender,
          layout_vaults_omnibox
Vaults:3: v_rooms_3, nicolae_vaults_circle_grid_b, vaults_mumra_chevron_long,
          v_misc_29, grunt_vaults_hallway_short, vaults_mumra_hexcomb,
          serial_ice_g, nicolae_vaults_tetromino_T_2, layout_vaults_omnigrid
Vaults:4: gammafunk_ghost_mausoleum, nicolae_vaults_cochlea,
          hangedman_vaults_hat, ontoclasm_vaults_ring_small,
          nicolae_vaults_more_shelving_2, nicolae_vaults_disappearing_quadrants,
          hangedman_vaults_maws, nicolae_vaults_twisting_passages,
          nicolae_vaults_mitosis, ontoclasm_vaults_shuriken,
          nicolae_vaults_closet_pinwheel_6, vaults_dpeg_encased_lava,
          layout_vaults_maze
Vaults:5
Depths:1: layout_cave_pools, marbit_kobold_abyss_entry, minmay_misc_feat_rugged,
          hell_entry, minmay_shop_grid_forest
Depths:2: minmay_the_grid_octo_triangle [minmay_the_grid_octo_shrine,
          minmay_the_grid_octo_prize_square_snowflake,
          minmay_the_grid_octo_pinwheel], layout_basic, cheibriados_altar_1,
          rand_demon_pan_entry_5, hell_entry, biasface_ghost_demon_polymorph,
          mu_enter_wizlab_3, uniq_nikola, uniq_norris
Depths:3: evilmike_lava_path, layout_cave_shapes, enter_ziggurat_c, abyss_entry,
          pf_hell_entry_tar_river, hex_subvault_bell
Depths:4: evilmike_zot_entry_hall, layout_gridville,
          nicolae_hell_entry_hellmouth_sunbeams
Zot:1:    layout_misc_corridors, gammafunk_ghost_arena,
          hangedman_player_shredder
Zot:2:    layout_onion_interference, lemuel_elevator
Zot:3:    layout_gridlike, gammafunk_ghost_split, skrybe_zot_glass_3
Zot:4:    gammafunk_sealed_library, layout_basic, basic_altar
Zot:5:    layout_onion

Skill      XL: |  1  2  3  4  5  6  7  8  9 10 11 12 13 14 15 16 17 18 19 20 21 22 23 24 25 |
---------------+----------------------------------------------------------------------------+-----
Stealth        | 1 2 4 5 8 |  8.0
Ranged Weapons | 5 6 7 8 10 12 13 14 16 18 19 20 21 23 25 27 | 27.0
Fighting       | 4 6 8 9 12 14 15 19 20 22 | 22.1
Invocations    | 4 6 10 11 13 14 16 18 20 | 20.0
Translocations | 1 4 5 |  5.0
Dodging        | 4 6 7 10 12 14 16 18 21 | 21.3
Evocations     | 4 6 7 9 14 15 17 19 | 19.0
Axes           | |  2.0

Action                     |  1- 3 |  4- 6 |  7- 9 | 10-12 | 13-15 | 16-18 | 19-21 | 22-24 | 25-27 || total
---------------------------+-------+-------+-------+-------+-------+-------+-------+-------+-------++-------
  Melee: Orcbow            |       |       |     1 |       |       |       |       |       |       ||     1
   Fire: Sling             |   102 |    78 |   101 |       |       |       |       |       |       ||   281
         Orcbow            |       |       |   302 |   313 |       |       |       |       |       ||   615
         Longbow           |       |       |       |   476 |  1613 |  1657 |  1868 |  2139 |   598 ||  8351
  Throw: Dart              |       |     8 |       |       |       |       |       |       |       ||     8
   Cast: Blink             |       |       |       |       |     1 |     3 |       |       |       ||     4
         Portal Projectile |       |       |       |       |       |       |       |     2 |       ||     2
 Invoke: Wall of Briars    |       |       |       |       |     8 |    14 |     6 |     4 |       ||    32
         Grow Ballistomyce |       |       |       |       |     1 |     2 |       |       |       ||     3
         Grow Oklob        |       |       |       |       |       |     2 |       |       |       ||     2
         Overgrow          |       |       |       |       |       |       |       |       |     4 ||     4
Ability: Breathe Steam     |       |       |    23 |    29 |    32 |    19 |     2 |     2 |       ||   107
  Evoke: Wand              |       |       |     3 |     2 |    11 |    19 |       |     6 |     8 ||    49
         Box of beasts     |       |       |       |       |       |     1 |       |       |     1 ||     2
         Lightning rod     |       |       |       |       |       |       |       |     3 |     3 ||     6
         Phial of floods   |       |       |       |       |       |       |       |     1 |       ||     1
         Phantom mirror    |       |       |       |       |       |       |       |     1 |     1 ||     2
         Condenser vane    |       |       |       |       |       |       |       |     1 |       ||     1
    Use: Scroll            |     4 |     3 |     8 |     6 |     8 |    16 |       |     6 |     4 ||    55
         Potion            |       |       |       |       |     1 |     6 |       |     3 |     5 ||    15
 Armour: Skin              |     5 |    20 |   122 |   219 |   133 |   142 |    78 |    68 |    39 ||   826
  Dodge: Dodged            |    22 |    32 |   148 |   424 |   332 |   665 |   429 |   453 |   282 ||  2787

Table legend: (Time is in decaauts)
 A = Elapsed time spent in this place.
 B = Non-inter-level travel time spent in this place.
 C = Inter-level travel time spent in this place.
 D = Time resting spent in this place.
 E = Time spent auto-exploring this place.
 F = Levels seen in this place.
 G = Mean time per level.
                   A        B        C        D        E       F      G
               +--------+--------+--------+--------+--------+-----+--------+
         Total |  70388 |  64310 |   6078 |  18974 |  34292 |  55 | 1279.8 |
       Dungeon |  18567 |  16193 |   2374 |   2765 |  10656 |  15 | 1237.8 |
        Temple |      8 |      5 |      3 |      0 |      0 |   1 |    8.0 |
          Lair |   8388 |   7564 |    824 |   1403 |   4905 |   5 | 1677.6 |
        Shoals |   6126 |   5622 |    504 |   1514 |   3015 |   4 | 1531.5 |
   Spider Nest |   6112 |   5814 |    298 |   2111 |   3033 |   4 | 1528.0 |
  Orcish Mines |   2699 |   2296 |    403 |    879 |    907 |   2 | 1349.5 |
   Elven Halls |   6114 |   5939 |    175 |   2559 |   2417 |   3 | 2038.0 |
        Vaults |   9367 |   8763 |    604 |   2650 |   4858 |   5 | 1873.4 |
        Depths |   4886 |   4259 |    627 |    495 |   2792 |   4 | 1221.5 |
           Zot |   5615 |   5353 |    262 |   3924 |    861 |   5 | 1123.0 |
         Abyss |    595 |    595 |      0 |      9 |    258 |   4 |  148.8 |
         Trove |     55 |     55 |      0 |      0 |      0 |   1 |   55.0 |
       Volcano |    512 |    512 |      0 |    171 |     88 |   1 |  512.0 |
        Wizlab |   1337 |   1337 |      0 |    490 |    501 |   1 | 1337.0 |
               +--------+--------+--------+--------+--------+-----+--------+

Top non-repeatable levels by time:
Vaults:5: 3766 daAuts
   Elf:3: 3738 daAuts
   Zot:5: 3719 daAuts
Spider:4: 2505 daAuts
    D:13: 2496 daAuts
   Orc:2: 2140 daAuts
  Lair:3: 2064 daAuts
Shoals:4: 2023 daAuts
    D:15: 1961 daAuts
  Lair:1: 1823 daAuts
  Lair:2: 1721 daAuts
    D:12: 1708 daAuts
  Lair:5: 1692 daAuts
     D:8: 1653 daAuts
   Elf:1: 1644 daAuts
